 Dungeon Crawl Stone Soup version 0.27.1-3-gb3d3a73c9e (webtiles) character file.

Game seed: 5152511576946668637

25 khargal the Skirmisher (level 2, 0/24 HPs)
             Began as a Demonspawn Fighter on Oct 19, 2021.
             Succumbed to a kobold's poison
             ... on level 1 of the Dungeon.
             The game lasted 00:00:38 (359 turns).

khargal the Skirmisher (Demonspawn Fighter)          Turns: 359, Time: 00:00:38

Health: 0/24       AC:  6    Str: 16    XL:     2   Next: 86%
Magic:  2/2        EV:  6    Int:  9    God:
Gold:   22         SH: 12    Dex: 12    Spells: 1/1 levels left

rFire    . . .     SeeInvis .   a - +0 trident
rCold    . . .     Faith    .   c - +0 kite shield
rNeg     . . .     Spirit   .   b - +0 scale mail
rPois    .         Reflect  .   (no helmet)
rElec    .         Harm     .   (no cloak)
rCorr    .         Rampage  .   (no gloves)
Will     .....                  (no boots)
Stlth    ..........             (no amulet)
HPRegen  0.08/turn              (no ring)
MPRegen  0.08/turn              (no ring)

@: lethally poisoned (0 -> -4)
A: condensation shield
a: no special abilities


You were on level 1 of the Dungeon.
You visited 1 branch of the dungeon, and saw 1 of its levels.

You collected 22 gold pieces.

Inventory:

Hand Weapons
 a - a +0 trident (weapon)
Armour
 b - a +0 scale mail (worn)
 c - a +0 kite shield (worn)
Scrolls
 e - a scroll of magic mapping {unknown}
Potions
 d - a potion of might


   Skills:
 + Level 3.1 Fighting
 + Level 2.2 Polearms
 + Level 2.9 Armour
 + Level 0.1 Dodging
 + Level 3.0 Shields


You had one spell level left.
You didn't know any spells.
Your spell library was empty.

Dungeon Overview and Level Annotations

Branches:
Dungeon (1/15)

Altars:


Innate Abilities, Weirdness & Mutations

A meltable shield of frost defends you. (SH +4)


Message History

You are too injured to fight recklessly!
You are too injured to fight recklessly!
Your shield and scale mail prevent you from hitting the bat.
You block the bat's attack. x3
You miss the bat. The bat barely misses you.
The bat hits you but does no damage.
You hit the bat but do no damage. You block the bat's attack. x2
Your scale mail prevents you from hitting the bat.
The bat hits you.
* * * LOW HITPOINT WARNING * * *
You block the bat's attack.
You hit the bat.
You kill the bat!
Your Shields skill increases to level 3!
You hit the dart slug.
The dart slug is moderately wounded.
The dart slug bites you but does no damage.
You hit the dart slug.
The dart slug is heavily wounded.
You block the dart slug's attack.
You hit the dart slug.
The dart slug is severely wounded.
The dart slug closely misses you.
You puncture the dart slug!
You kill the dart slug!
The kobold throws a stone.
The stone hits you.
* * * LOW HITPOINT WARNING * * *
You hit the kobold.
The kobold is severely wounded.
You block the kobold's attack.
You closely miss the kobold.
The kobold is severely wounded.
The kobold hits you but does no damage.
You are lethally poisoned!
You block the kobold's attack.
You hit the kobold.
You kill the kobold!
* * * LOW HITPOINT WARNING * * *
You feel sick.
You die...

......##..).#
#.#
......##..†.##
#.#
########.....#
#.# #.....###.#
##.....##.#
#.....##.#
#.....##.#
#......#.#
#....#.#@#
#....#.#.#
.......#..?###
...####....).#
.... #......#
...
.............#
..........###K..
........>...[ #
.####........#


There were no monsters in sight!

Vanquished Creatures
  2 dart slugs (D:1)
  A bat (D:1)
  An endoplasm (D:1)
  3 giant cockroaches (D:1)
  2 goblins (D:1)
  3 jackals (D:1)
  4 kobolds (D:1)
  A frilled lizard (D:1)
  A rat (D:1)
18 creatures vanquished.

Notes
Turn   | Place    | Note
-------+----------+-------------------------------------------
     0 | D:1      | khargal the Demonspawn Fighter began the quest for the Orb.
     0 | D:1      | Reached XP level 1. HP: 18/18 MP: 1/1
   100 | D:1      | Gained mutation: A meltable shield of frost defends you.
                  | (SH +4) [demonic ancestry]
   100 | D:1      | Reached XP level 2. HP: 23/24 MP: 2/2
   358 | D:1      | HP: 1/24 [poisoned by a kobold]
   359 | D:1      | Succumbed to a kobold's poison

Illustrated notes

Levels and vault maps discovered:
D:1:      amcnicky_arrival_blooded_trapdoor, layout_basic,
          ebering_ecumenical_altar_petrified, minmay_strange_pillars,
          minmay_pentomino_v2

Skill      XL: |  1  2 |
---------------+-------+-----
Polearms       | 2 |  2.2
Shields        | 3 |  3.0
Fighting       | |  3.1
Armour         | |  2.9
Dodging        | |  0.1

Action                   || total
-------------------------++-------
Melee: Trident           ||    62
Armor: Scale mail        ||    33
Dodge: Dodged            ||    16
Block: Kite shield       ||    49
